 Dungeon Crawl Stone Soup version 0.28-a0-932-g843f935a50 (webtiles) character file.

Game seed: 6201252498146769567

597 Maimakterion the Grasshopper (level 7, 0/56 HPs)
             Began as a Gnoll Warper on Nov 28, 2021.
             Slain by an orc (1 damage)
             ... on level 1 of the Dungeon.
             The game lasted 00:04:49 (4266 turns).

Maimakterion the Grasshopper (Gnoll Warper)         Turns: 4266, Time: 00:04:49

Health: 0/56       AC:  8    Str: 10 (12) XL:     7   Next: 40%
Magic:  15/15      EV: 12    Int: 12 (13) God:
Gold:   149        SH:  0    Dex: 10 (11) Spells: 15/17 levels left

rFire   . . .      SeeInvis .   e - +4 mace
rCold   . . .      Faith    .   (no shield)
rNeg    . . .      Spirit   .   b - +0 leather armour
rPois   .          Reflect  .   h - +0 helmet
rElec   .          Harm     .   (no cloak)
rCorr   .          Rampage  .   (no gloves)
Will    .....                   (no boots)
Stlth   ++........              (no amulet)
HPRegen 0.18/turn               m - +4 ring of protection
MPRegen 0.14/turn               (no ring)

@: mighty
A: fangs 1, strong nose, distributed training
a: no special abilities


You were on level 1 of the Dungeon.
You visited 1 branch of the dungeon, and saw 4 of its levels.

You collected 157 gold pieces.
You donated 8 gold pieces to Zin.

Inventory:

Hand Weapons
 a - a +0 hand axe
 e - a +4 mace (weapon)
 p - a +2 short sword of flaming
Missiles
 d - 5 boomerangs of dispersal
 j - 22 poisoned darts (quivered)
Armour
 b - a +0 leather armour (worn)
 h - a +0 helmet (worn)
Jewellery
 m - a +4 ring of protection (left hand)
Scrolls
 c - a scroll of blinking
 f - 2 scrolls of teleportation
 g - a scroll of noise {unknown}
 k - a scroll of fog
 l - a scroll of vulnerability {unknown}
 o - a scroll of identify {unknown}
Potions
 i - 3 potions of degeneration


   Skills:
 + Level 5.2 Fighting
 + Level 2.4 Short Blades
 + Level 2.4 Long Blades
 + Level 5.2 Axes
 + Level 2.4 Maces & Flails
 + Level 2.4 Polearms
 + Level 2.4 Staves
 + Level 2.4 Slings
 + Level 2.4 Bows
 + Level 2.4 Crossbows
 + Level 3.6 Throwing
 + Level 3.6 Armour
 + Level 5.2 Dodging
 + Level 2.4 Stealth
 + Level 2.4 Shields
 + Level 2.4 Unarmed Combat
 + Level 5.6 Spellcasting
 + Level 2.0 Conjurations
 + Level 2.0 Hexes
 + Level 2.0 Summonings
 + Level 2.0 Necromancy
 + Level 5.8 Translocations
 + Level 2.0 Transmutations
 + Level 2.0 Fire Magic
 + Level 2.0 Ice Magic
 + Level 2.0 Air Magic
 + Level 2.0 Earth Magic
 + Level 2.0 Poison Magic
 + Level 2.7 Invocations
 + Level 2.4 Evocations


You had 15 spell levels left.
You knew the following spells:

 Your Spells              Type           Power      Damage    Failure   Level
b - Blink                 Tloc           34%        N/A       3%          2

Your spell library contained the following spells:

 Spells                   Type           Power      Damage    Failure   Level
 Gell's Gravitas          Tloc           17%        N/A       7%          3
 Lesser Beckoning         Tloc           17%        N/A       7%          3
 Teleport Other           Tloc           17%        N/A       7%          3
 Manifold Assault         Tloc           17%        N/A       52%         5
 Animate Dead             Necr           4%         N/A       71%         4
 Haunt                    Necr/Summ      4%         N/A       100%        7
 Infestation              Necr           4%         N/A       100%        8


Dungeon Overview and Level Annotations

Branches:
Dungeon (4/15)
 Temple: D:4-7

Altars:
Zin

Shops:
D:1 [


Innate Abilities, Weirdness & Mutations

You have very sharp teeth.
Your uncanny sense of smell can sniff out nearby items.
Your experience applies equally to all skills.


Message History

You miss something. Something hits you.
* * * LOW HITPOINT WARNING * * *
Something hits you but does no damage. The orc hits you but does no damage.
You take 2 damage, and have 14/56 hp.
You feel very mighty all of a sudden.
Something hits you but does no damage. x2; The orc hits you but does no damage.
You sock something! Something hits you but does no damage. Something hits you.
* * * LOW HITPOINT WARNING * * *
The orc barely misses you. Something hits you but does no damage.
You take 2 damage, and have 12/56 hp.
You closely miss something. Something hits you.
* * * LOW HITPOINT WARNING * * *
The orc barely misses you. Something hits you but does no damage.
You hear some strange, mumbled words.
Something tries to affect you, but you resist.
The orc barely misses you.
You take 1 damage, and have 11/56 hp.
You closely miss something. Something hits you but does no damage.
Something hits you.
* * * LOW HITPOINT WARNING * * *
The orc hits you but does no damage.
You take 4 damage, and have 7/56 hp.
You sock something!
Reactivating autopickup.
You feel a bit more experienced. Something hits you.
* * * LOW HITPOINT WARNING * * *
Deactivating autopickup; reactivate with Ctrl-A.
The orc misses you.
You take 3 damage, and have 4/56 hp.
You hit the orc.
The orc is severely wounded.
Something hits you but does no damage. The orc closely misses you.
Something hits you.
* * * LOW HITPOINT WARNING * * *
You take 3 damage, and have 1/56 hp.
It was a potion of degeneration.
There was something very wrong with that liquid.
You feel weakened.
You feel dopey.
You feel clumsy. The orc hits you with a +0 whip.
You die...

....#.#.....................##...
......#.........##......))..##.##
.#....#.........##......รท......#.
.........##............##........
.#.......##............##........
##.............................##
...............................#
###.).##.........<........##...##
#...##.......)@o........##.....
#.............................#
#..............................
#......##............##......##
#......##............##......#
#.............##.............#
####..........##.............#
#......................)#.#
#.......................#.##


You could see an orc.

Vanquished Creatures
  A black bear (D:4)
  An ogre (D:4)
  A phantom (D:4)
  A water moccasin skeleton (D:4)
  2 orc priests (D:4)
  4 orc wizards
  Robin (D:2)
  4 adders
  An adder skeleton (D:4)
  A dart slug (D:3)
  4 orcs (D:4)
  2 ball pythons (D:1)
  8 bats
  6 endoplasms
  A giant cockroach (D:1)
  9 goblins
  11 hobgoblins
  6 jackals (D:2)
  4 quokkas
  4 frilled lizards
  9 kobolds
  3 rats
84 creatures vanquished.

Notes
Turn   | Place    | Note
-------+----------+-------------------------------------------
     0 | D:1      | Maimakterion the Gnoll Warper began the quest for the Orb.
     0 | D:1      | Reached XP level 1. HP: 20/20 MP: 6/6
    35 | D:1      | Reached XP level 2. HP: 8/26 MP: 7/7
   325 | D:1      | Found Sulle's Antique Armour Shop.
  1157 | D:2      | Found a glowing silver altar of Zin.
  1163 | D:2      | Reached XP level 3. HP: 30/31 MP: 9/9
  1165 | D:2      | Reached skill level 5 in Spellcasting
  1437 | D:2      | Reached skill level 1 in Invocations
  1718 | D:2      | Noticed Robin
  1739 | D:2      | Killed Robin
  1740 | D:2      | Reached skill level 1 in Short Blades
  1740 | D:2      | Reached skill level 1 in Long Blades
  1740 | D:2      | Reached skill level 1 in Maces & Flails
  1740 | D:2      | Reached skill level 1 in Polearms
  1740 | D:2      | Reached skill level 1 in Staves
  1740 | D:2      | Reached skill level 1 in Slings
  1740 | D:2      | Reached skill level 1 in Bows
  1740 | D:2      | Reached skill level 1 in Crossbows
  1740 | D:2      | Reached skill level 1 in Stealth
  1740 | D:2      | Reached skill level 1 in Shields
  1740 | D:2      | Reached skill level 1 in Unarmed Combat
  1740 | D:2      | Reached skill level 1 in Evocations
  1740 | D:2      | Reached XP level 4. HP: 17/38 MP: 11/11
  1788 | D:2      | Reached skill level 1 in Conjurations
  1788 | D:2      | Reached skill level 1 in Hexes
  1788 | D:2      | Reached skill level 1 in Summonings
  1788 | D:2      | Reached skill level 1 in Necromancy
  1788 | D:2      | Reached skill level 1 in Transmutations
  1788 | D:2      | Reached skill level 1 in Fire Magic
  1788 | D:2      | Reached skill level 1 in Ice Magic
  1788 | D:2      | Reached skill level 1 in Air Magic
  1788 | D:2      | Reached skill level 1 in Earth Magic
  1788 | D:2      | Reached skill level 1 in Poison Magic
  1981 | D:2      | Learned a level 2 spell: Blink
  2670 | D:2      | Found a faded altar of an unknown god.
  2678 | D:2      | Prayed at the altar of an unknown god.
  2678 | D:2      | Became a worshipper of Zin the Law-Giver
  2678 | D:2      | Reached * piety under Zin
  2679 | D:2      | Fell from the grace of Zin
  2965 | D:3      | Reached XP level 5. HP: 40/43 MP: 12/12
  3152 | D:4      | Noticed a phantom
  3157 | D:4      | Noticed an ogre
  3168 | D:4      | Killed a phantom
  3304 | D:4      | Killed an ogre
  3305 | D:4      | Reached XP level 6. HP: 50/50 MP: 14/14
  3315 | D:4      | Reached skill level 5 in Fighting
  3315 | D:4      | Reached skill level 5 in Axes
  3315 | D:4      | Reached skill level 5 in Dodging
  3412 | D:4      | Noticed a black bear
  3425 | D:4      | Killed a black bear
  3531 | D:4      | Reached XP level 7. HP: 32/56 MP: 15/15
  4099 | D:2      | Found a glowing silver altar of Zin.
  4265 | D:1      | HP: 1/56 [something (3)]
  4266 | D:1      | Slain by an orc

Illustrated notes

Levels and vault maps discovered:
D:1:      dpeg_arrival_stonehenge_8_columns, layout_basic, serial_shops,
          nicolae_shop_hallway_stairs, minmay_box_of_dots
D:2:      layout_basic, basic_altar, hellmonk_ecumenical_altar_crossroads,
          kennysheep_doodads, uniq_robin
D:3:      layout_rooms, minmay_misc_feat_tiny, minmay_misc_feat_enclosed
D:4:      layout_basic, kennysheep_generic_room_13

Skill      XL: |  1  2  3  4  5  6  7 |
---------------+----------------------+-----
Spellcasting   | 5 |  5.6
Invocations    | 1 2 |  2.7
Short Blades   | 1 2 |  2.4
Long Blades    | 1 2 |  2.4
Maces & Flails | 1 2 |  2.4
Polearms       | 1 2 |  2.4
Staves         | 1 2 |  2.4
Slings         | 1 2 |  2.4
Bows           | 1 2 |  2.4
Crossbows      | 1 2 |  2.4
Stealth        | 1 2 |  2.4
Shields        | 1 2 |  2.4
Unarmed Combat | 1 2 |  2.4
Evocations     | 1 2 |  2.4
Conjurations   | 1 2 |  2.0
Hexes          | 1 2 |  2.0
Summonings     | 1 2 |  2.0
Necromancy     | 1 2 |  2.0
Transmutations | 1 2 |  2.0
Fire Magic     | 1 2 |  2.0
Ice Magic      | 1 2 |  2.0
Air Magic      | 1 2 |  2.0
Earth Magic    | 1 2 |  2.0
Poison Magic   | 1 2 |  2.0
Throwing       | 3 |  3.6
Armour         | 3 |  3.6
Fighting       | 5 |  5.2
Axes           | 5 |  5.2
Dodging        | 5 |  5.2
Translocations | |  5.8

Action                   |  1- 3 |  4- 6 |  7- 9 || total
-------------------------+-------+-------+-------++-------
Melee: Mace              |   101 |   117 |    54 ||   272
       Bite              |     6 |     4 |     7 ||    17
       Punch             |       |       |     2 ||     2
Throw: Dart              |       |    15 |     5 ||    20
Invok: Renounce Religion |       |     1 |       ||     1
  Use: Scroll            |       |     3 |       ||     3
       Potion            |       |     2 |     2 ||     4
 Stab: Sleeping          |       |     1 |       ||     1
Armor: Leather armour    |    39 |    50 |    48 ||   137
Dodge: Dodged            |   104 |    66 |    52 ||   222

Table legend: (Time is in decaauts)
 A = Elapsed time spent in this place.
 B = Non-inter-level travel time spent in this place.
 C = Inter-level travel time spent in this place.
 D = Time resting spent in this place.
 E = Time spent auto-exploring this place.
 F = Levels seen in this place.
 G = Mean time per level.
                   A        B        C        D        E       F      G
               +--------+--------+--------+--------+--------+-----+--------+
         Total |   4353 |   4183 |    170 |   1323 |   2040 |   4 | 1088.2 |
       Dungeon |   4353 |   4183 |    170 |   1323 |   2040 |   4 | 1088.2 |
               +--------+--------+--------+--------+--------+-----+--------+

Top non-repeatable levels by time:
     D:2: 1924 daAuts
     D:1: 1189 daAuts
     D:4: 900 daAuts
     D:3: 339 daAuts
